 Dungeon Crawl Stone Soup version 0.31-a0-963-ga325b2283a (webtiles) character file.

Game seed: 13686013829552930888

13049 tsujin the Carver (level 11, -7/99 HPs)
             Began as a Purple Draconian Chaos Knight on Oct 25, 2023.
             Was a Plaything of Xom.
             Mangled by a cane toad (17 damage)
             ... on level 1 of the Lair of Beasts.
             The game lasted 00:32:46 (9673 turns).

tsujin the Carver (Purple Draconian Chaos Knight)   Turns: 9673, Time: 00:32:47

Health: -7/99      AC: 11    Str: 16    XL:     11   Next: 70%
Magic:  11/11      EV: 21    Int:  8    God:    Xom [.....*]
Gold:   595        SH:  6    Dex: 18    Spells: 7/10 levels left

rFire   . . .        y - +5 double sword of Zaucyroc {chaos, Drain rN+++ rCorr Int-4}
rCold   + . .        d - +0 buckler
rNeg    + + +        (body armour unavailable)
rPois   .            (helmet restricted)
rElec   .            (no cloak)
rCorr   +            (no gloves)
SInv    .            (no boots)
Will    ++...        c - amulet of faith
Stlth   ++           j - +4 ring of protection
HPRegen 0.36/turn    m - ring "Kumur" {rCorr EV+5}
MPRegen 0.12/turn

%: faith
@: about to teleport, cleaving
A: breathe power, AC +7, unfitting armour, cold-blooded, antennae 2, fangs 1,
stinger 1, agile 2, cold resistance 1, strong-willed 1, sense surroundings 1,
wild magic 3, evolution 1, MP-powered wands
a: Breathe Dispelling Energy, Renounce Religion


You were on level 1 of the Lair of Beasts.
You worshipped Xom.
You were Xom's teddy bear.
You visited 2 branches of the dungeon, and saw 12 of its levels.

You collected 703 gold pieces.
You spent 108 gold pieces at shops.

Inventory:

Hand Weapons
 y - the +5 double sword of Zaucyroc (weapon) {chaos, Drain rN+++ rCorr Int-4}
   (Xom gifted it to you on level 3 of the Dungeon)

   Int-4:     It affects your intelligence (-4).
   rN+++:     It renders you almost immune to negative energy.
   rCorr:     It protects you from acid and corrosion.
   Drain:     It drains your maximum health when unequipped.
Missiles
 e - 3 atropa-tipped darts
 q - 3 curare-tipped darts
 S - a throwing net
Armour
 d - a +0 buckler (worn)
Jewellery
 c - an amulet of faith (around neck)
 j - a +4 ring of protection (left hand)
 m - the ring "Kumur" (right hand) {rCorr EV+5}
   (You found it on level 4 of the Dungeon)

   [ring of evasion]

   EV+5:      It affects your evasion (+5).
   rCorr:     It protects you from acid and corrosion.
 L - a ring of see invisible
 Q - an amulet of the acrobat
Wands
 I - a wand of charming (18)
 P - a wand of roots (8)
 T - a wand of flame (7)
Scrolls
 a - a scroll of fog
 b - a scroll of butterflies
 g - a scroll of torment {unknown}
 h - 16 scrolls of identify
 i - 3 scrolls of blinking {unknown}
 k - a scroll of silence {unknown}
 l - 3 scrolls of revelation {unknown}
 r - a scroll of enchant armour {unknown}
 t - 5 scrolls of teleportation
 u - 2 scrolls of amnesia {unknown}
 v - 5 scrolls of immolation {unknown}
 B - a scroll of enchant weapon {unknown}
 C - 2 scrolls of vulnerability {unknown}
 F - 3 scrolls of poison {unknown}
 M - a scroll of acquirement {unknown}
 N - 2 scrolls of fear {unknown}
Potions
 f - 3 potions of lignification
 n - a potion of cancellation
 o - 2 potions of curing
 p - 2 potions of attraction {unknown}
 s - 4 potions of degeneration {unknown}
 x - 3 potions of haste {unknown}
 A - 2 potions of invisibility {unknown}
 G - a potion of might {unknown}
 H - 2 potions of enlightenment {unknown}
 K - a potion of magic {unknown}
 R - a potion of brilliance {unknown}
 U - a potion of mutation {unknown}


   Skills:
 + Level 9.7 Fighting
 + Level 14.0 Long Blades
 + Level 8.1 Dodging
 - Level 1.1 Stealth
 + Level 5.0 Shields
 + Level 0.2 Spellcasting
 + Level 0.2 Conjurations
 + Level 0.1 Earth Magic


You had 7 spell levels left.
You knew the following spells:

 Your Spells              Type           Power      Damage    Failure   Level
a - Stone Arrow           Conj/Erth      0%         3d7       95%         3

Your spell library contained the following spells:

 Spells                   Type           Power      Damage    Failure   Level
 Cigotuvi's Dreadful Rot  Necr/Pois/Air  0%         N/A       85%         2
 Poisonous Vapours        Pois/Air       0%         N/A       85%         2
 Ignite Poison            Fire/Tmut/Pois 0%         N/A       96%         3
 Mephitic Cloud           Conj/Pois/Air  0%         N/A       96%         3
 Volatile Blastmotes      Fire/Tloc      0%         2d10      96%         3
 Fulminant Prism          Conj/Hex       0%         3d5       100%        4
 Iskenderun's Mystic Bla  Conj/Tloc      0%         2d3       100%        4
 Alistair's Intoxication  Tmut/Pois      0%         N/A       100%        5
 Borgnjor's Vile Clutch   Necr/Erth      0%         N/A       100%        5
 Freezing Cloud           Conj/Ice/Air   0%         6-21      100%        5
 Summon Forest            Summ/Tloc      0%         N/A       100%        5
 Eringya's Noxious Bog    Tmut/Pois      0%         4d6       100%        6
 Summon Hydra             Summ           0%         N/A       100%        7
 Lehudib's Crystal Spear  Conj/Erth      0%         10d2      100%        8
 Animate Armour           Summ/Erth      Unusable   N/A       N/A         4

Dungeon Overview and Level Annotations

Branches:
Dungeon (10/15)            Temple (0/1) D:4            Lair (2/5) D:10
  Swamp: Lair:2-3    Shoals: Lair:2-3     Snake: Lair:2-3    Spider: Lair:2-3
    Orc: D:9-12

Altars:
Ashenzari
Dithmenos
Hepliaklqana
Sif Muna
Trog
Uskayaw
Wu Jian
Xom
Yredelemnul
Zin

Shops:
D:6 *

Annotations:
D:4 2 transporters


Innate Abilities, Weirdness & Mutations

You can breathe bolts of dispelling energy.
Your rich purple scales are hard. (AC +7)
You cannot fit into any form of body armour.
You are cold-blooded and may be slowed by cold attacks.
You have a pair of antennae on your head.
You have very sharp teeth.
Your tail ends in a venomous barb.
You are very agile. (Dex +8, Str/Int -2)
Your flesh is cold resistant. (rC+)
You are strong-willed. (Will+)
You passively map a small area around you.
Your spells are much harder to cast, but much more powerful.
You have hidden genetic potential.
You expend magic power (3 MP) to strengthen your wands.


Message History

The skyshark attacks as it pursues you! The skyshark bites you.
The skyshark closely misses you. The skyshark misses you.
The skyshark closely misses you. The skyshark tail-slaps you.
The skyshark tail-slaps you but does no damage.
The cane toad attacks as it pursues you!
You block the cane toad's attack.
It was a potion of cancellation.
Your magical effects are unravelling.
You feel magically purged.
Xom thinks this is hilarious!
You feel a little less clever now. The skyshark closely misses you.
The skyshark completely misses you. The skyshark closely misses you.
The cane toad misses you. You block the skyshark's attack.
The skyshark closely misses you. x2
The cane toad stings you!
* * * LOW HITPOINT WARNING * * *
You are lethally poisoned!
The cane toad poisons you!
You feel much better.
You feel very sick. The skyshark completely misses you.
You block the skyshark's attack. The skyshark barely misses you.
The cane toad barely misses you.
You feel better. You block the skyshark's attack.
The skyshark completely misses you. The skyshark barely misses you.
The cane toad stings you but does no damage.
The skyshark bites you!
* * * LOW HITPOINT WARNING * * *
The skyshark completely misses you. x2
You block the skyshark's attack. x2; The skyshark tail-slaps you!
* * * LOW HITPOINT WARNING * * *
Okay, then.
As you read the scroll of teleportation, it crumbles to dust.
You feel strangely unstable. Xom smiles on you.
The +5 double sword of Zaucyroc {chaos, Drain rN+++ rCorr Int-4} looks sharp.
The skyshark barely misses you.
The skyshark tail-slaps you but does no damage. x2
The cane toad stings you!
You die...
Xom snickers!

P.~~~~~##...#.......###
..~P~~~##...##........#####
............##............##
..(.........##.............##
............#P..>...........###
............##................# #
..............................###
....####....P#.Fl.............#.#
...## #.....##.@................
....####....#........#...........
.....#P.....#..................##
............#.................##
............#..................##
......................#..[....###
♣...###...............#.......# #
...#.##...............##[.....# #
..#####..####..........)......# #


You could see a skyshark (berserk, drained) and a cane toad.

Vanquished Creatures
  A two-headed ogre (D:7)
  2 black mambas (Lair:1)
  3 cane toads (Lair:1)
  3 komodo dragons
  2 kobold demonologists (D:10)
  Psyche (D:8)
  A troll (D:9)
  3 hornets
  Eustachio (D:5)
  13 yaks
  A wraith (D:10)
  3 wyverns
  A basilisk (D:10)
  2 steam dragons
  Edmund (D:4)
  4 water moccasins
  A black bear (D:10)
  2 ice beasts
  A black bear (shapeshifter) (D:8)
  6 wolves (Lair:1)
  5 centaurs
  3 ogres
  A kobold brigand (D:10)
  A phantom (D:5)
  6 bullfrogs
  2 gnoll sergeants
  4 scorpions
  12 wights
  12 killer bees
  An electric eel (Lair:1)
  4 howler monkeys
  A jelly (D:7)
  A gnoll bouda (D:8)
  4 iguanas
  3 sleepcaps
  Natasha (thrice) (D:4)
  An orc wizard (D:5)
  15 gnolls
  13 adders
  A shadow imp (D:7)
  2 white imps
  2 ufetubi (D:7)
  2 worms (D:5)
  3 dart slugs
  18 orcs
  5 bats
  8 endoplasms
  A giant cockroach (D:1)
  5 goblins
  5 hobgoblins
  2 jackals (D:2)
  6 quokkas
  3 ball pythons
  4 frilled lizards
  5 kobolds
  5 rats
221 creatures vanquished.

Vanquished Creatures (collateral kills)
  A kobold demonologist (D:9)
  An ice beast (D:6)
  A centaur (D:9)
  A bullfrog (D:9)
  A scorpion (D:5)
  A howler monkey (D:6)
  A hound (D:6)
  An orc priest (D:7)
  An orc (D:7)
  A goblin (D:1)
10 creatures vanquished.

Vanquished Creatures (others)
  A hornet (D:9)
  A kobold brigand (D:10)
  A kobold (D:10)
  A hobgoblin zombie (D:1)
4 creatures vanquished.

Grand Total: 235 creatures vanquished

Notes
Turn   | Place    | Note
-------+----------+-------------------------------------------
     0 | D:1      | tsujin the Draconian Chaos Knight began the quest for the
                  | Orb.
     0 | D:1      | Reached XP level 1. HP: 19/19 MP: 1/1
   102 | D:1      | XOM: silly message
   140 | D:1      | Reached XP level 2. HP: 26/26 MP: 2/2
   209 | D:1      | XOM: divination: detect items
   259 | D:1      | XOM: silly message
   713 | D:2      | XOM: cloud trail
   746 | D:2      | Reached XP level 3. HP: 23/31 MP: 3/3
   776 | D:2      | XOM: give mutation
   776 | D:2      | Gained mutation: You are agile. (Dex +4, Str/Int -1) [Xom's
                  | grace]
   992 | D:2      | Reached skill level 4 in Long Blades
   993 | D:2      | Found a bloodstained altar of Trog.
  1112 | D:2      | Reached XP level 4. HP: 30/40 MP: 4/4
  1179 | D:2      | XOM: god gift: 2 curare-tipped darts
  1418 | D:2      | XOM: cloud trail
  1740 | D:3      | Noticed a scorpion
  1753 | D:3      | XOM: silly message
  1757 | D:3      | Killed a scorpion
  1758 | D:3      | Reached XP level 5. HP: 32/47 MP: 5/5
  1891 | D:3      | Reached skill level 1 in Stealth
  1907 | D:3      | XOM: silly message
  2348 | D:3      | XOM: 2-stop teleportation journey
  2432 | D:3      | Learned a level 3 spell: Stone Arrow
  2519 | D:3      | XOM: divination: detect items
  2590 | D:3      | Identified the +5 double sword of Zaucyroc {flame, Drain
                  | rN+++ rCorr Int-4} (Xom gifted it to you on level 3 of the
                  | Dungeon)
  2590 | D:3      | XOM: god gift: +5 double sword of Zaucyroc {chaos, Drain
                  | rN+++ rCorr Int-4}
  2840 | D:4      | Identified the ring "Kumur" {rCorr EV+5}
  2870 | D:4      | Reached skill level 5 in Long Blades
  2915 | D:4      | Noticed Natasha
  2919 | D:4      | Killed Natasha
  2920 | D:4      | Reached XP level 6. HP: 53/53 MP: 6/6
  2977 | D:4      | Found a transporter.
  2993 | D:4      | Found a basalt altar of Yredelemnul.
  2993 | D:4      | Found a bloodstained altar of Trog.
  3007 | D:4      | Found a staircase to the Ecumenical Temple.
  3086 | D:4      | Noticed Edmund
  3097 | D:4      | Killed Edmund
  3124 | D:4      | XOM: cloud trail
  3131 | D:4      | XOM: stat loss: -1 Dex (13/14)
  3238 | D:4      | Found a transporter.
  3278 | D:4      | Noticed Natasha
  3280 | D:4      | XOM: potion effect (might)
  3282 | D:4      | Killed Natasha
  3385 | D:4      | Noticed Natasha
  3386 | D:4      | XOM: god gift: 6 stones
  3392 | D:4      | Killed Natasha
  3393 | D:4      | Reached skill level 1 in Shields
  3450 | D:4      | Found a glowing silver altar of Zin.
  3482 | D:5      | Entered Level 5 of the Dungeon
  3554 | D:5      | Reached skill level 5 in Fighting
  3554 | D:5      | Your scales start taking on a rich purple colour.
  3554 | D:5      | Reached XP level 7. HP: 50/61 MP: 7/7
  3593 | D:5      | Reached skill level 6 in Long Blades
  3864 | D:5      | Reached skill level 7 in Long Blades
  4008 | D:5      | XOM: blink monster(s)
  4020 | D:5      | Noticed Eustachio
  4080 | D:5      | Reached XP level 8. HP: 61/69 MP: 8/8
  4091 | D:5      | XOM: enchant monster (bad)
  4158 | D:5      | XOM: summons 8 friendly demons
  4165 | D:5      | Killed Eustachio
  4166 | D:5      | Reached skill level 8 in Long Blades
  4368 | D:5      | XOM: torment (47/70 hp)
  4503 | D:6      | Identified the of Cutilyhout
  4560 | D:6      | XOM: noise
  4586 | D:6      | XOM: noise
  4644 | D:6      | XOM: silly message
  4665 | D:6      | Reached skill level 5 in Dodging
  4672 | D:6      | Found a hide-covered altar of Uskayaw.
  4683 | D:6      | XOM: blink monster(s)
  4689 | D:6      | Reached skill level 9 in Long Blades
  4727 | D:6      | Reached XP level 9. HP: 78/78 MP: 9/9
  4785 | D:6      | XOM: give mutations
  4785 | D:6      | Gained mutation: You have a pair of small antennae on your
                  | head. [Xom's mischief]
  4785 | D:6      | Gained mutation: You expend magic power (3 MP) to
                  | strengthen your wands. [Xom's mischief]
  4785 | D:6      | Gained mutation: You are strong-willed. (Will+) [Xom's
                  | mischief]
  4821 | D:6      | XOM: noise
  4902 | D:6      | Found a shimmering blue altar of Sif Muna.
  4987 | D:6      | XOM: summons 1 hostile shadow creature
  5226 | D:6      | Found Gael's Assorted Antiques.
  5230 | D:6      | Bought a lead wand for 108 gold pieces
  5314 | D:7      | Reached skill level 10 in Long Blades
  5324 | D:7      | XOM: scenery: summon butterflies
  5331 | D:7      | XOM: give mutations
  5331 | D:7      | Gained mutation: Your tail ends in a venomous barb. [Xom's
                  | grace]
  5331 | D:7      | Gained mutation: You are very agile. (Dex +8, Str/Int -2)
                  | [Xom's grace]
  5331 | D:7      | Gained mutation: You have a pair of antennae on your head.
                  | [Xom's grace]
  5335 | D:7      | XOM: summons 3 hostile demons
  5340 | D:7      | Noticed a two-headed ogre
  5506 | D:7      | Killed a two-headed ogre
  5515 | D:7      | XOM: summons 3 hostile shadow creatures
  5554 | D:7      | Reached skill level 11 in Long Blades
  5583 | D:7      | XOM: summons 2 hostile shadow creatures
  5595 | D:7      | XOM: divination: detect creatures
  5893 | D:7      | Reached XP level 10. HP: 86/88 MP: 10/10
  5974 | D:7      | Found a shadowy altar of Dithmenos.
  6142 | D:7      | XOM: scenery: 1 doors open
  6278 | D:8      | XOM: divination: detect items
  6319 | D:8      | Reached skill level 12 in Long Blades
  6486 | D:8      | Noticed Psyche
  6487 | D:8      | XOM: summons friendly iron imp
  6495 | D:8      | Killed Psyche
  6515 | D:8      | XOM: scenery: summon butterflies
  6622 | D:8      | XOM: chaos upgrade
  6638 | D:8      | XOM: cleaving
  6639 | D:8      | Found a shimmering altar of Xom.
  6834 | D:8      | XOM: scenery: summon butterflies
  6909 | D:8      | XOM: give mutations
  6909 | D:8      | Gained mutation: Your spells are a little harder to cast,
                  | but a little more powerful. [Xom's grace]
  6909 | D:8      | Gained mutation: You have very sharp teeth. [Xom's grace]
  7105 | D:8      | Found a broken altar of Ashenzari.
  7221 | D:9      | XOM: 2-stop teleportation journey
  7258 | D:9      | XOM: scenery: 3 doors open
  7494 | D:9      | Noticed an ogre mage
  7513 | D:9      | XOM: divine lightning
  7517 | D:9      | XOM: potion effect (invisibility)
  7519 | D:9      | XOM: summons friendly quasit
  7525 | D:9      | XOM: polymorph quasit -> crimson imp
  7582 | D:9      | Found a hazy altar of Hepliaklqana.
  7627 | D:9      | XOM: give mutations
  7627 | D:9      | Gained mutation: You passively map a small area around you.
                  | [Xom's grace]
  7627 | D:9      | Gained mutation: Your spells are harder to cast, but more
                  | powerful. [Xom's grace]
  7627 | D:9      | Gained mutation: Your flesh is cold resistant. (rC+) [Xom's
                  | grace]
  7677 | D:10     | Entered Level 10 of the Dungeon
  7690 | D:10     | Reached XP level 11. HP: 95/95 MP: 11/11
  7709 | D:10     | XOM: give mutations
  7709 | D:10     | Gained mutation: You have hidden genetic potential. [Xom's
                  | grace]
  7709 | D:10     | Gained mutation: Your spells are much harder to cast, but
                  | much more powerful. [Xom's grace]
  7789 | D:10     | Reached skill level 13 in Long Blades
  7799 | D:10     | XOM: destruction
  7800 | D:10     | XOM: divination: magic mapping
  7802 | D:10     | Found a staircase to the Lair.
  7802 | D:10     | XOM: 6-stop teleportation journey
  7821 | D:10     | XOM: cloud trail
  7955 | D:10     | XOM: confuse monster(s)
  8034 | D:10     | XOM: destruction
  8059 | D:10     | Found an ornate altar of the Wu Jian Council.
  8409 | Lair:1   | Entered Level 1 of the Lair of Beasts
  8439 | Lair:1   | XOM: cloud trail
  8883 | Lair:1   | XOM: potion effect (invisibility)
  8890 | Lair:1   | XOM: god gift: halberd {god gift}
  8972 | Lair:1   | XOM: 5-stop teleportation journey
  8995 | Lair:1   | XOM: divination: detect creatures
  8999 | Lair:1   | XOM: scenery: create altars
  9019 | Lair:1   | XOM: 1-stop teleportation journey
  9083 | Lair:1   | XOM: scenery: create altars
  9445 | Lair:1   | Reached skill level 14 in Long Blades
  9605 | Lair:1   | Reached skill level 5 in Shields
  9655 | Lair:2   | Noticed a skyshark
  9656 | Lair:2   | XOM: scenery: create altars
  9659 | Lair:2   | XOM: potion effect (brilliance)
  9673 | Lair:1   | XOM: cleaving
  9673 | Lair:1   | Mangled by a cane toad

Illustrated notes

Levels and vault maps discovered:
D:1:      orjb1_clovarrival, layout_basic, minmay_pentomino_w2
D:2:      layout_loops_cross, basic_altar
D:3:      layout_basic, kennysheep_generic_room_16
D:4:      gammafunk_steamed_eel, layout_rooms, lemuel_coloured_pillars_altar,
          nicolae_overflow_two_pavilions, minmay_temple_entry_poolview,
          uniq_natasha, uniq_edmund
D:5:      layout_loops_cross, cheibrodos_sewer_entry_bend, uniq_eustachio
D:6:      layout_basic, led_sif_book, mainiacjoe_overflow_24_doors,
          serial_shops, nicolae_shop_back_alley_shop
D:7:      layout_basic, mainiacjoe_overflow_chevrons, interstate_on_off
D:8:      layout_cave_pools, mainiacjoe_overflow_tiny_flanked,
          kennysheep_mini_moat, uniq_psyche
D:9:      layout_basic, nicolae_overflow_crystal_walls, wad_dig_loot
D:10:     layout_rooms, nzn_wu_jian_contemplation, david_lair_generic,
          hangedman_abyss_or_decor_lesser_grid
Lair:1:   layout_gridlike, grunt_forest_large_clearings, serial_bayou_shore_a
Lair:2:   layout_chaotic_city, nicolae_swamp_entry_splash_gauntlet,
          alex1729_snake_entry_snake, basic_altar, ebering_ghost_inner_flame,
          infiniplex_staircase_pool

Skill      XL: |  1  2  3  4  5  6  7  8  9 10 11 |
---------------+----------------------------------+-----
Fighting       | 4 5 6 7 8 9 |  9.7
Long Blades    | 4 5 7 9 11 12 14 | 14.0
Dodging        | 3 4 5 6 7 8 |  8.1
Stealth        | 1 |  1.1
Shields        | 1 2 4 5 |  5.0
Spellcasting   | |  0.2
Conjurations   | |  0.2
Earth Magic    | |  0.1

Action                     |  1- 3 |  4- 6 |  7- 9 | 10-12 || total
---------------------------+-------+-------+-------+-------++-------
  Melee: Falchion          |    82 |   101 |       |       ||   183
         Tailslap          |     8 |    13 |    30 |    48 ||    99
         Double sword      |       |    40 |   225 |   297 ||   562
         Bite              |       |       |       |    27 ||    27
    Use: Potion            |     1 |     3 |     1 |     5 ||    10
         Scroll            |       |     1 |     1 |     2 ||     4
   Stab: Sleeping          |       |     4 |     2 |     4 ||    10
         Paralysed         |       |       |     1 |       ||     1
         Invisible         |       |       |       |     4 ||     4
         Confused          |       |       |       |     1 ||     1
         Petrifying        |       |       |       |     1 ||     1
 Armour: Skin              |    52 |    92 |    78 |   144 ||   366
  Dodge: Dodged            |    55 |    89 |   162 |   393 ||   699
  Block: Buckler           |    11 |    26 |    38 |   126 ||   201

Table legend: (Time is in decaauts)
 A = Elapsed time spent in this place.
 B = Non-inter-level travel time spent in this place.
 C = Inter-level travel time spent in this place.
 D = Time resting spent in this place.
 E = Time spent auto-exploring this place.
 F = Levels seen in this place.
 G = Mean time per level.
                   A        B        C        D        E       F      G
               +--------+--------+--------+--------+--------+-----+--------+
         Total |   9754 |   9362 |    392 |    831 |   6040 |  12 |  812.8 |
       Dungeon |   8494 |   8124 |    370 |    544 |   5287 |  10 |  849.4 |
          Lair |   1260 |   1239 |     21 |    287 |    752 |   2 |  630.0 |
               +--------+--------+--------+--------+--------+-----+--------+

Top non-repeatable levels by time:
     D:3: 1289 daAuts
  Lair:1: 1252 daAuts
     D:5: 1051 daAuts
     D:7: 970 daAuts
     D:2: 935 daAuts
     D:8: 878 daAuts
     D:6: 769 daAuts
     D:4: 739 daAuts
    D:10: 721 daAuts
     D:1: 581 daAuts
     D:9: 557 daAuts
  Lair:2: 7 daAuts
